 Dungeon Sprint DCSS version 0.31-a0-920-g28cbb04a8c (webtiles) character file.

Game seed: 11904111229951466921

6139 sircluck the Brawler (level 10, -4/118 HPs)
             Began as a Troll Berserker on Oct 17, 2023.
             Was the Champion of Trog.
             Slain by a shadow wraith (18 damage)
             ... in the Dungeon (Sprint VII: "The Pits").
             The game lasted 00:03:32 (930 turns).

sircluck the Brawler (Troll Berserker)               Turns: 930, Time: 00:03:33

Health: -4/118     AC:  4    Str: 34    XL:     10   Next: 59%
Magic:  9/9        EV: 14    Int:  3    God:    Trog [******]
Gold:   0          SH:  0    Dex: 12    Spells: 9/9 levels left

rFire   . .          .
                       - Unarmed
rCold   . . .        (no shield)
rNeg    . . .        a - +0 animal skin
rPois   .            (helmet restricted)
rElec   .            (no cloak)
rCorr   .            (gloves unavailable)
SInv    .            (boots unavailable)
Will    .....        (no amulet)
Stlth   +            k - +3 ring of strength
HPRegen 1.19/turn    l - +3 ring of dexterity
MPRegen 0.11/turn

%: no teleportation
@: slowed, very slow
A: large, unfitting armour, claws 3, regeneration 1, shaggy fur 1, tough skin 1
a: Renounce Religion, Berserk, Trog's Hand, Brothers in Arms


You were in the Dungeon.
You worshipped Trog.
Trog was exalted by your worship.
You visited 1 branch

Inventory:

Armour
 a - a +0 animal skin (worn)
Jewellery
 k - a +3 ring of strength (left claw)
 l - a +3 ring of dexterity (right claw)
Scrolls
 i - 2 scrolls of vulnerability
 j - a scroll of butterflies
Potions
 b - 6 potions of curing
 c - 3 potions of heal wounds
 d - 3 potions of haste
 e - 4 potions of magic
 f - 4 potions of berserk rage
 h - a potion of invisibility
 m - a potion of might
 n - a potion of resistance
 o - 2 potions of mutation


   Skills:
 + Level 12.9 Fighting
 + Level 12.7 Dodging
 + Level 15.0 Unarmed Combat


You had 9 spell levels left.
You didn't know any spells.
Your spell library was empty.

Dungeon Overview and Level Annotations

Branches:
Dungeon (1/1)

Altars:
Ashenzari
Cheibriados
Dithmenos
Elyvilon
Fedhas
Gozag
Hepliaklqana
Kikubaaqudgha
Makhleb
Nemelex Xobeh
Okawaru
Qazlal
Ru
Sif Muna
Trog
Uskayaw
Vehumet
Wu Jian
Xom
Yredelemnul
Zin
The Shining One
Jiyva
Lugonu


Innate Abilities, Weirdness & Mutations

You are too large for most types of armour.
You have claws for hands.
Your natural rate of healing is unusually fast.
You are covered in fur. (AC +1)
You have tough skin. (AC +1)


Message History

Your troll bites the necrophage but does no damage.
Your troll claws the necrophage!
Your troll claws the necrophage!!
The necrophage is destroyed!
Trog accepts your kill. The small abomination hits your troll!!
Your troll dies!
Your troll's corpse disappears in a puff of smoke!
Your ogre goes berserk!
Something hits you but does no damage.
Deactivating autopickup; reactivate with Ctrl-A.
You swap places.
Something hits you!
* * * LOW HITPOINT WARNING * * *
Unknown command.
Unknown command.
Something hits you.
* * * LOW HITPOINT WARNING * * *
Something barely misses you.
Your ogre barely misses the small abomination.
The small abomination hits your ogre!
You eviscerate something!!! Trog accepts your kill.
Reactivating autopickup.
You feel a bit more experienced. The small abomination hits your ogre.
Your ogre barely misses the small abomination.
Unknown command.
Unknown command.
The small abomination hits your ogre.
Your ogre hits the small abomination with a +0 giant spiked club!!!
The small abomination is destroyed!
Trog accepts your kill. Something hits you!
* * * LOW HITPOINT WARNING * * *
Something drains your vigour!
You feel yourself slow down.
Deactivating autopickup; reactivate with Ctrl-A.
The basilisk closely misses your ogre.
Your Unarmed Combat skill increases to level 15!
Unknown command.
Unknown command.
Your ogre closely misses the basilisk.
Something hits you!!
You die...

..#..#......# ..†)........#
#####''######
...##')################ ###
...##....)÷....#).....# ....
...##......÷.).').....# .....
...##..#####).)#####'##......
...##..+ #......O..)(......
...##..# #....@..l##)##....
...##..# #.#####..# ..# #
#####..#####.'...#..# ..#
#####....÷...#...'..# g##
.[[##....÷...#...#......
.[[###'###...#...#......
.))##...†'...#'###...###
.))##....#..........
!))##....#..........


You could see a basilisk (ally target) and a friendly ogre (summoned, berserk).

Vanquished Creatures
  An unseen horror (D)
  A troll (D)
  An efreet (D)
  A guardian mummy (D)
  A tarantella (D)
  Prince Ribbit (D)
  A snapping turtle (D)
  A flying skull (D)
  A ynoxinul (D)
  Duvessa (D)
  2 black bears (D)
  An ogre (D)
  A bullfrog (D)
  A scorpion (D)
  4 wights (D)
  A jelly (D)
  An orc priest (D)
  A gnoll bouda (D)
  An iguana (D)
  An orc wizard (D)
  A hell rat (D)
  6 gnolls (D)
  An adder (D)
  2 ufetubi (D)
  4 orcs (D)
  2 ball pythons (D)
  An endoplasm (D)
  A giant cockroach (D)
  A hobgoblin (D)
  3 jackals (D)
  A frilled lizard (D)
47 creatures vanquished.

Vanquished Creatures (collateral kills)
  A hydra (D)
  A deep troll (D)
  An orc knight (D)
  A cyclops (D)
  A freezing wraith (D)
  A tarantella (D)
  A basilisk (D)
  A small abomination (D)
  2 orc warriors (D)
  2 ogres (D)
  A necrophage (D)
  A gnoll sergeant (D)
  An orc priest (D)
  2 orc wizards (D)
  6 gnolls (D)
  An adder zombie (D)
  2 orcs (D)
  A quokka (D)
  A rat (D)
28 creatures vanquished.

Grand Total: 75 creatures vanquished

Notes
Turn   | Place    | Note
-------+----------+-------------------------------------------
     0 | D        | sircluck the Troll Berserker began the quest for the Orb.
     0 | D        | Reached XP level 1. HP: 22/22 MP: 0/0
    17 | D        | Reached XP level 2. HP: 27/31 MP: 1/1
    21 | D        | Found a bloodstained altar of Trog.
    21 | D        | Found a shimmering blue altar of Sif Muna.
    21 | D        | Found a viscous altar of Jiyva.
    21 | D        | Found a hazy altar of Hepliaklqana.
    21 | D        | Found an opulent altar of Gozag.
    22 | D        | Found a glowing golden altar of the Shining One.
    22 | D        | Found a glowing silver altar of Zin.
    22 | D        | Found a basalt altar of Yredelemnul.
    22 | D        | Found a shimmering altar of Xom.
    22 | D        | Found an ornate altar of the Wu Jian Council.
    22 | D        | Found a sacrificial altar of Ru.
    22 | D        | Found a stormy altar of Qazlal.
    22 | D        | Found an iron altar of Okawaru.
    22 | D        | Found a sparkling altar of Nemelex Xobeh.
    22 | D        | Found a burning altar of Makhleb.
    22 | D        | Found a blossoming altar of Fedhas.
    22 | D        | Found a white marble altar of Elyvilon.
    22 | D        | Found a shadowy altar of Dithmenos.
    22 | D        | Found a snail-covered altar of Cheibriados.
    24 | D        | Found a radiant altar of Vehumet.
    24 | D        | Found a corrupted altar of Lugonu.
    25 | D        | Found a hide-covered altar of Uskayaw.
    25 | D        | Found an ancient bone altar of Kikubaaqudgha.
    25 | D        | Found a broken altar of Ashenzari.
    72 | D        | Reached skill level 4 in Unarmed Combat
    74 | D        | Reached ** piety under Trog
    79 | D        | Noticed a scorpion
    83 | D        | Killed a scorpion
    84 | D        | Reached skill level 5 in Unarmed Combat
    84 | D        | Reached XP level 3. HP: 40/40 MP: 2/2
    84 | D        | Reached XP level 4. HP: 49/49 MP: 3/3
    87 | D        | Noticed a black bear
    89 | D        | Reached *** piety under Trog
    96 | D        | Killed a black bear
    97 | D        | Reached skill level 5 in Fighting
    97 | D        | Reached skill level 5 in Dodging
    97 | D        | Reached skill level 7 in Unarmed Combat
    97 | D        | Reached XP level 5. HP: 43/59 MP: 4/4
    98 | D        | Reached **** piety under Trog
   172 | D        | Reached XP level 6. HP: 26/68 MP: 5/5
   175 | D        | Reached skill level 8 in Unarmed Combat
   231 | D        | Noticed a flying skull
   244 | D        | Killed a flying skull
   244 | D        | Reached ***** piety under Trog
   245 | D        | Reached skill level 9 in Unarmed Combat
   248 | D        | Reached XP level 7. HP: 65/79 MP: 6/6
   256 | D        | Received a gift from Trog
   269 | D        | Received a gift from Trog
   291 | D        | Noticed Prince Ribbit
   294 | D        | Killed Prince Ribbit
   295 | D        | Reached skill level 10 in Unarmed Combat
   307 | D        | Noticed Duvessa
   314 | D        | Killed Duvessa
   315 | D        | Reached XP level 8. HP: 79/92 MP: 7/7
   320 | D        | Received a gift from Trog
   331 | D        | Noticed a tarantella
   333 | D        | Killed a tarantella
   334 | D        | Reached skill level 11 in Unarmed Combat
   432 | D        | Noticed a tarantella
   441 | D        | Received a gift from Trog
   478 | D        | Killed a tarantella
   479 | D        | Reached skill level 10 in Fighting
   530 | D        | Reached skill level 10 in Dodging
   555 | D        | Noticed a snapping turtle
   563 | D        | Killed a snapping turtle
   564 | D        | Reached skill level 12 in Unarmed Combat
   564 | D        | Noticed a guardian mummy
   573 | D        | Killed a guardian mummy
   574 | D        | Reached XP level 9. HP: 102/102 MP: 8/8
   622 | D        | Noticed a deep troll
   639 | D        | Killed a deep troll
   639 | D        | Received a gift from Trog
   640 | D        | Reached skill level 13 in Unarmed Combat
   649 | D        | Noticed an orc knight
   649 | D        | Noticed a freezing wraith
   653 | D        | Killed an orc knight
   658 | D        | Received a gift from Trog
   665 | D        | Killed a freezing wraith
   666 | D        | Reached XP level 10. HP: 88/115 MP: 9/9
   856 | D        | Reached ****** piety under Trog
   857 | D        | Reached skill level 14 in Unarmed Combat
   911 | D        | Noticed a cyclops
   911 | D        | Noticed a four-headed hydra
   918 | D        | Killed a six-headed hydra
   923 | D        | Killed a cyclops
   930 | D        | Reached skill level 15 in Unarmed Combat
   930 | D        | Slain by a shadow wraith

Illustrated notes

Levels and vault maps discovered:
D:        pitsprint [storerooms_1, entrance_room_1, metal_vault_8, armoury_3,
          mini_pit_1, grid_room_1, main_hall_1, silver_pit, the_coven_3,
          the_vestibule_1, steel_vault_2, golden_pit, hallway_of_sentries,
          crystal_vault_1, iron_vault_2, final_vault]

Skill      XL: |  1  2  3  4  5  6  7  8  9 10 |
---------------+-------------------------------+-----
Fighting       | 3 4 5 6 7 9 10 11 12 | 12.9
Dodging        | 3 4 5 6 7 9 10 11 12 | 12.7
Unarmed Combat | 5 7 9 10 12 13 15 | 15.0

Action                     |  1- 3 |  4- 6 |  7- 9 | 10-12 || total
---------------------------+-------+-------+-------+-------++-------
  Melee: Unarmed           |    18 |    34 |    76 |    12 ||   140
         Punch             |       |     1 |     4 |     2 ||     7
 Invoke: Brothers in Arms  |       |       |     2 |     2 ||     4
         Berserk           |       |       |     1 |       ||     1
    Use: Potion            |       |       |     4 |       ||     4
         Scroll            |       |       |     1 |       ||     1
 Armour: Animal skin       |    13 |    29 |    51 |    20 ||   113
  Dodge: Dodged            |     6 |    21 |    55 |    20 ||   102

Table legend: (Time is in decaauts)
 A = Elapsed time spent in this place.
 B = Non-inter-level travel time spent in this place.
 C = Inter-level travel time spent in this place.
 D = Time resting spent in this place.
 E = Time spent auto-exploring this place.
 F = Levels seen in this place.
 G = Mean time per level.
                   A        B        C        D        E       F      G
               +--------+--------+--------+--------+--------+-----+--------+
         Total |    916 |    916 |      0 |    329 |    209 |   1 |  916.0 |
       Dungeon |    916 |    916 |      0 |    329 |    209 |   1 |  916.0 |
               +--------+--------+--------+--------+--------+-----+--------+

Top non-repeatable levels by time:
       D: 916 daAuts
